Golden Seals vs Sharks

Created - 11 mai 2022 at 17:04

Goals
1 2 3 T
Golden Seals 2 1 0 3
Sharks 0 1 0 1
Shots
1 2 3 T
Golden Seals 17 10 15 42
Sharks 15 8 5 28

1st period

1. Golden Seals , Nate Schmidt 1 (William Karlsson 3, Jaden Schwartz 2) at 18:22
2. Golden Seals , Jonathan Toews 5 (Nick Suzuki 4) at 18:46 (PP)

Penalties :
Gabriel Landeskog (SJS) for Roughing (Minor) at 18:36

2nd period

3. Sharks , Alex Pietrangelo 2 (Kasperi Kapanen 3, Boone Jenner 4) at 0:55
4. Golden Seals , Miles Wood 2 (Jonathan Toews 4, Andrei Vasilevskiy) at 10:12 (PP)

Penalties :
Robert Hagg (CLF) for Hooking (Minor) at 5:45, Jason Demers (SJS) for Hooking (Minor) at 9:55

3rd period

No Goal

Penalties :
Alex Pietrangelo (SJS) for Roughing (Minor) at 8:44

Goalie Stats

Andrei Vasilevskiy (CLF), 27 saves from 28 shots - (0,964), W, 5-0-0, 60:00 minutes
Semyon Varlamov (SJS), 39 saves from 42 shots - (0,929), L, 4-1-1, 60:00 minutes

Players Stats for Golden Seals

Player Name              G  A  P  +/- PIM S  H  SB GA TA FO     MP     PP MP  PK MP  
------------------------------------------------------------------------------------
Barclay Goodrow          0  0  0   0  0   2  0  0  0  0  1/3    10:18   0:00   1:07 
Cody Ceci                0  0  0  -1  0   2  0  1  0  0  0/0    23:50   0:00   0:59 
Colton Parayko           0  0  0  -1  0   0  0  1  0  0  0/0    25:05   1:07   0:59 
Jaden Schwartz           0  1  1   0  0   3  3  0  1  0  0/1    15:46   1:09   0:00 
Jake McCabe              0  0  0   1  0   2  3  1  1  0  0/0    20:31   0:00   1:00 
Jason Robertson          0  0  0   0  0   3  0  0  0  0  0/0    14:35   0:51   0:00 
Jonathan Toews           1  1  2   0  0   3  2  0  0  3  11/22  20:22   1:35   0:23 
Kurtis MacDermid         0  0  0   0  0   1  0  2  0  0  0/0    13:05   0:00   0:00 
Max Domi                 0  0  0   0  0   6  0  0  0  0  9/18   14:16   0:00   0:29 
Miles Wood               1  0  1   0  0   5  0  0  0  0  0/0    16:59   1:07   1:07 
Nate Schmidt             1  0  1   1  0   2  0  0  0  1  0/0    21:50   1:19   1:00 
Nick Cousins             0  0  0   0  0   0  0  0  0  0  0/0     8:43   0:00   0:00 
Nick Suzuki              0  1  1   0  0   1  2  0  1  0  0/1    20:02   1:35   0:29 
Ondrej Kase              0  0  0   0  0   0  0  1  2  0  0/0     8:43   0:00   0:00 
Robby Fabbri             0  0  0   0  0   5  1  1  2  0  0/1    14:42   0:51   0:00 
Robert Hagg              0  0  0   0  2   0  2  0  0  0  0/0    13:40   0:10   0:00 
Tyler Toffoli            0  0  0   0  0   3  1  0  0  0  1/3    19:33   1:35   0:00 
William Karlsson         0  1  1   0  0   4  1  1  0  0  8/19   16:00   0:51   0:23 

Players Stats for Sharks

Player Name              G  A  P  +/- PIM S  H  SB GA TA FO     MP     PP MP  PK MP  
------------------------------------------------------------------------------------
Alex Pietrangelo         1  0  1   1  2   2  2  1  0  1  0/0    21:54   0:58   0:27 
Alexander Radulov        0  0  0   0  0   2  1  0  0  0  0/0    16:29   0:12   0:00 
Boone Jenner             0  1  1   0  0   1  2  0  0  0  10/16  17:35   0:36   0:40 
Carter Rowney            0  0  0   0  0   1  1  0  0  1  4/7     9:13   0:00   1:34 
Colton Sceviour          0  0  0   0  0   0  0  0  0  0  0/0     7:39   0:00   0:00 
David Krejci             0  0  0   0  0   1  1  0  1  0  11/21  15:27   1:11   0:00 
Dylan Larkin             0  0  0   0  0   4  0  2  1  0  1/3    16:33   0:48   0:00 
Gabriel Landeskog        0  0  0   0  2   3  3  1  0  0  1/1    17:34   1:11   0:12 
Jason Demers             0  0  0   1  2   1  1  2  0  0  0/0    22:44   1:01   0:36 
Jonathan Huberdeau       0  0  0   0  0   5  1  0  2  0  0/0    18:29   1:08   0:12 
Justin Braun             0  0  0  -1  0   1  1  1  0  1  0/0    23:23   0:00   1:50 
K'Andre Miller           0  0  0   0  0   0  2  3  0  0  0/0    16:33   1:01   0:36 
Kasperi Kapanen          0  1  1   0  0   2  0  0  0  0  0/0    15:59   0:00   0:00 
Mark Borowiecki          0  0  0  -1  0   0  2  1  0  1  0/0    21:22   0:00   1:23 
Michael Raffl            0  0  0   0  0   2  3  0  0  0  1/2     8:19   0:00   0:40 
Shea Theodore            0  0  0   0  0   0  0  1  0  3  0/0    15:26   0:58   0:00 
Sidney Crosby            0  0  0   0  0   1  0  0  0  0  9/17   15:45   0:00   0:00 
Teuvo Teravainen         0  0  0   0  0   2  1  0  0  0  1/1    17:07   0:51   1:34 

3 Stars

1 - Andrei Vasilevskiy (CLF)
2 - Jonathan Toews (CLF)
3 - Nate Schmidt (CLF)

Power Play

Golden Seals - 2 on 3 Attempt(s) - 66,67%
Sharks - 0 on 1 Attempt(s) - 0,00%

Penalty Kill

Golden Seals - 1 on 1 Attempt(s) - 100,00% - Score 0 goal in Penalty Kill
Sharks - 1 on 3 Attempt(s) - 33,33% - Score 0 goal in Penalty Kill

Team Stat

Golden Seals - Hits : 15 - Faceoff Wins : 30 - Blocked Shots : 8 - Penalty Minutes : 2
Sharks - Hits : 21 - Faceoff Wins : 38 - Blocked Shots : 12 - Penalty Minutes : 6

Official

Referees : Robert Hennessey and Chris Schlenker
Linesman : Brandon Gawryletz and Scott Driscoll

Game Notes

No Game Note

Finance

Level 1 -- Attendance: 6000 (100,00%) -- Ticket Income 600 000 $
Level 2 -- Attendance: 5000 (100,00%) -- Ticket Income 300 000 $
Level 3 -- Attendance: 2000 (100,00%) -- Ticket Income 70 000 $
Level 4 -- Attendance: 4000 (100,00%) -- Ticket Income 80 000 $
Luxury Box -- Attendance: 1000 (100,00%) -- Ticket Income 200 000 $
Game was played at the Wananiche.
Total Attendance: 18000 (100,00%)
Total Ticket Income: 1 250 000 $
Other Income: 612 500 $
Total Income: 1 862 500 $

Golden Seals

5 vs 5 Forward 
   Center                   Left Wing                Right Wing               Time % Phy DF OF 
 1 Jonathan Toews           Tyler Toffoli            Nick Suzuki              36     0   2  3  
 2 William Karlsson         Miles Wood               Jaden Schwartz           31     0   2  3  
 3 Max Domi                 Jason Robertson          Robby Fabbri             23     0   2  3  
 4 Barclay Goodrow          Nick Cousins             Ondrej Kase              10     1   2  2  

5 vs 5 Defense 
   Defense                  Defense                                           Time % Phy DF OF 
 1 Colton Parayko           Cody Ceci                                         43     0   3  2  
 2 Nate Schmidt             Jake McCabe                                       37     0   3  2  
 3 Robert Hagg              Kurtis MacDermid                                  20     2   3  0  
 4 Nate Schmidt             Cody Ceci                                         0      1   2  2  

PowerPlay Forward 
   Center                   Left Wing                Right Wing               Time % Phy DF OF 
 1 Jonathan Toews           Tyler Toffoli            Nick Suzuki              60     0   0  5  
 2 William Karlsson         Robby Fabbri             Jason Robertson          40     0   0  5  

PowerPlay Defense
   Defense                  Defense                                           Time % Phy DF OF 
 1 Nate Schmidt             Jaden Schwartz                                    60     0   0  5  
 2 Colton Parayko           Miles Wood                                        40     0   0  5  

Penalty Kill 4 Players Forward 
   Center                   Wing                     Time % Phy DF OF 
 1 Barclay Goodrow          Miles Wood               60     1   4  0  
 2 Jonathan Toews           William Karlsson         40     1   4  0  

Penalty Kill 4 Players Defense
   Defense                  Defense                  Time % Phy DF OF 
 1 Nate Schmidt             Jake McCabe              60     2   3  0  
 2 Colton Parayko           Cody Ceci                40     2   3  0  

Penalty Kill - 3 Players Forward 
   Forward                                           Time % Phy DF OF 
 1 Barclay Goodrow                                   60     0   5  0  
 2 William Karlsson                                  40     0   5  0  

Penalty Kill - 3 Players Defense
   Defense                  Defense                  Time % Phy DF OF 
 1 Nate Schmidt             Jake McCabe              60     0   5  0  
 2 Colton Parayko           Cody Ceci                40     0   5  0  

4 vs 4 Forward 
   Center                   Wing                     Time % Phy DF OF 
 1 William Karlsson         Tyler Toffoli            60     1   2  2  
 2 Nick Suzuki              Jaden Schwartz           40     1   2  2  

4 vs 4 Defense
   Defense                  Defense                  Time % Phy DF OF 
 1 Nate Schmidt             Cody Ceci                60     1   2  2  
 2 Colton Parayko           Jake McCabe              40     1   2  2  

Last Minutes Offensive
   Center                   Left Wing                Right Wing               Defense                  Defense                  
   Jonathan Toews           Tyler Toffoli            Jason Robertson          Nate Schmidt             Jaden Schwartz           

Last Minutes Defensive
   Center                   Left Wing                Right Wing               Defense                  Defense                  
   William Karlsson         Miles Wood               Jaden Schwartz           Nate Schmidt             Cody Ceci                

Goaltenders
Starting : Andrei Vasilevskiy       
Backup : Jacob Ingham             

Extra Forwards
Normal : Jason Robertson, Max Domi, Barclay Goodrow - PP : Max Domi, Barclay Goodrow - PK : Nick Suzuki
Extra Defensemen
Normal : Robert Hagg, Kurtis MacDermid, Nate Schmidt - PP : Robert Hagg - PK : Kurtis MacDermid, Robert Hagg
Penalty Shots
Jonathan Toews, Tyler Toffoli, William Karlsson, Ondrej Kase, Jason Robertson
Custom OT Lines Forwards
Jonathan Toews, Tyler Toffoli, William Karlsson, Jaden Schwartz, Nick Suzuki, Miles Wood, Jason Robertson, Max Domi, Robby Fabbri, Barclay Goodrow
Custom OT Lines Defensemen
Nate Schmidt, Cody Ceci, Colton Parayko, Jake McCabe, Robert Hagg

Scratches
Oskar Lindblom (Healthy)

Sharks

5 vs 5 Forward 
   Center                   Left Wing                Right Wing               Time % Phy DF OF 
 1 Sidney Crosby            Dylan Larkin             Jonathan Huberdeau       31     0   1  4  
 2 David Krejci             Gabriel Landeskog        Teuvo Teravainen         31     0   1  4  
 3 Boone Jenner             Alexander Radulov        Kasperi Kapanen          30     0   2  3  
 4 Carter Rowney            Michael Raffl            Colton Sceviour          8      0   3  2  

5 vs 5 Defense 
   Defense                  Defense                                           Time % Phy DF OF 
 1 Alex Pietrangelo         Jason Demers                                      38     0   2  3  
 2 Justin Braun             Mark Borowiecki                                   37     0   2  3  
 3 Shea Theodore            K'Andre Miller                                    19     0   2  3  
 4 Justin Braun             Jason Demers                                      6      0   3  2  

PowerPlay Forward 
   Center                   Left Wing                Right Wing               Time % Phy DF OF 
 1 Gabriel Landeskog        David Krejci             Jonathan Huberdeau       55     0   0  5  
 2 David Krejci             Gabriel Landeskog        Teuvo Teravainen         45     0   0  5  

PowerPlay Defense
   Defense                  Defense                                           Time % Phy DF OF 
 1 Alex Pietrangelo         Shea Theodore                                     55     0   1  4  
 2 Jason Demers             K'Andre Miller                                    45     0   1  4  

Penalty Kill 4 Players Forward 
   Center                   Wing                     Time % Phy DF OF 
 1 Carter Rowney            Teuvo Teravainen         60     0   4  1  
 2 Boone Jenner             Michael Raffl            40     0   4  1  

Penalty Kill 4 Players Defense
   Defense                  Defense                  Time % Phy DF OF 
 1 Justin Braun             Alex Pietrangelo         60     0   4  1  
 2 Mark Borowiecki          K'Andre Miller           40     0   4  1  

Penalty Kill - 3 Players Forward 
   Forward                                           Time % Phy DF OF 
 1 Carter Rowney                                     60     0   5  0  
 2 Boone Jenner                                      40     0   5  0  

Penalty Kill - 3 Players Defense
   Defense                  Defense                  Time % Phy DF OF 
 1 Justin Braun             Alex Pietrangelo         60     0   5  0  
 2 Jason Demers             K'Andre Miller           40     0   5  0  

4 vs 4 Forward 
   Center                   Wing                     Time % Phy DF OF 
 1 Sidney Crosby            Gabriel Landeskog        55     0   2  3  
 2 David Krejci             Dylan Larkin             45     0   2  3  

4 vs 4 Defense
   Defense                  Defense                  Time % Phy DF OF 
 1 Alex Pietrangelo         Shea Theodore            55     0   3  2  
 2 Mark Borowiecki          K'Andre Miller           45     0   3  2  

Last Minutes Offensive
   Center                   Left Wing                Right Wing               Defense                  Defense                  
   Sidney Crosby            Gabriel Landeskog        Jonathan Huberdeau       Alex Pietrangelo         Shea Theodore            

Last Minutes Defensive
   Center                   Left Wing                Right Wing               Defense                  Defense                  
   Boone Jenner             Carter Rowney            Michael Raffl            Justin Braun             Alex Pietrangelo         

Goaltenders
Starting : Semyon Varlamov          
Backup : Darcy Kuemper            

Extra Forwards
Normal : Sidney Crosby, Teuvo Teravainen, Alexander Radulov - PP : David Krejci, Dylan Larkin - PK : Michael Raffl
Extra Defensemen
Normal : Shea Theodore, Mark Borowiecki, Jason Demers - PP : Shea Theodore - PK : Mark Borowiecki, Jason Demers
Penalty Shots
Sidney Crosby, Alexander Radulov, Boone Jenner, Jonathan Huberdeau, Gabriel Landeskog
Custom OT Lines Forwards
Sidney Crosby, Gabriel Landeskog, Jonathan Huberdeau, Dylan Larkin, Boone Jenner, David Krejci, Alexander Radulov, Teuvo Teravainen, Kasperi Kapanen, Colton Sceviour
Custom OT Lines Defensemen
Alex Pietrangelo, Justin Braun, Jason Demers, K'Andre Miller, Shea Theodore

Scratches
Robert Thomas (Healthy), Oliver Wahlstrom (Healthy)

% Time on Ice - Golden Seals

Lines # - Real PCT - Wanted PCT - Time Play
Normal Forward
1 - 33% - 36% - 18:26
2 - 27% - 31% - 14:46
3 - 25% - 23% - 13:40
4 - 16% - 10% - 8:43
Normal Defense
1 - 40% - 43% - 22:17
2 - 36% - 37% - 20:13
3 - 24% - 20% - 13:05
4 - 0% - 0% - 0:00
PP Forward
1 - 65% - 60% - 1:35
2 - 35% - 40% - 0:51
PP Defense
1 - 54% - 60% - 1:19
2 - 46% - 40% - 1:07
PK Forward
1 - 81% - 60% - 1:36
2 - 19% - 40% - 0:23
PK Defense
1 - 50% - 60% - 1:00
2 - 50% - 40% - 0:59
PK3 Forward
1 - 0% - 60%
2 - 0% - 40%
PK3 Defense
1 - 0% - 60%
2 - 0% - 40%
44 Forward
1 - 0% - 60%
2 - 0% - 40%
44 Defense
1 - 0% - 60%
2 - 0% - 40%
Last Minute Offensive  - 0:00
Last Minute Defensive  - 0:00
Total
Forward - 60:00
Defense - 60:00

% Time on Ice - Sharks

Lines # - Real PCT - Wanted PCT - Time Play
Normal Forward
1 - 32% - 31% - 17:41
2 - 26% - 31% - 14:16
3 - 29% - 30% - 15:59
4 - 14% - 8% - 7:39
Normal Defense
1 - 36% - 38% - 19:54
2 - 36% - 37% - 19:59
3 - 25% - 19% - 14:08
4 - 3% - 6% - 1:34
PP Forward
1 - 57% - 55% - 1:08
2 - 43% - 45% - 0:51
PP Defense
1 - 49% - 55% - 0:58
2 - 51% - 45% - 1:01
PK Forward
1 - 73% - 60% - 1:46
2 - 27% - 40% - 0:40
PK Defense
1 - 100% - 60% - 2:26
2 - 0% - 40% - 0:00
PK3 Forward
1 - 0% - 60%
2 - 0% - 40%
PK3 Defense
1 - 0% - 60%
2 - 0% - 40%
44 Forward
1 - 0% - 55%
2 - 0% - 45%
44 Defense
1 - 0% - 55%
2 - 0% - 45%
Last Minute Offensive  - 0:00
Last Minute Defensive  - 0:00
Total
Forward - 60:00
Defense - 60:00

Play-by-Play

1st period


0:01 of 1st period - Jonathan Toews wins face-off versus Sidney Crosby in neutral zone.
0:04 of 1st period - Snap shot by Tyler Toffoli.
0:04 of 1st period - Stopped by Semyon Varlamov without a rebound.
0:05 of 1st period - Sidney Crosby wins face-off versus Jonathan Toews in Sharks zone.
0:37 of 1st period - Snap shot by Miles Wood.
0:37 of 1st period - Stopped by Semyon Varlamov without a rebound.
0:38 of 1st period - Max Domi wins face-off versus Boone Jenner in Sharks zone.
0:41 of 1st period - Snap shot by Jason Robertson.
0:41 of 1st period - Shot Blocked by Justin Braun.
0:49 of 1st period - Jake McCabe is hit by Mark Borowiecki and loses puck.
1:04 of 1st period - Nate Schmidt is hit by Teuvo Teravainen and loses puck.
1:11 of 1st period - Snap shot by Gabriel Landeskog.
1:11 of 1st period - Shot Misses the Net.
1:25 of 1st period - Snap shot by Miles Wood.
1:25 of 1st period - Stopped by Semyon Varlamov without a rebound.
1:26 of 1st period - Carter Rowney wins face-off versus William Karlsson in Sharks zone.
1:26 of 1st period - Carter Rowney is hit by Robert Hagg.
1:32 of 1st period - Snap shot by Michael Raffl.
1:32 of 1st period - Shot Blocked by William Karlsson.
1:51 of 1st period - Alexander Radulov is hit by Robert Hagg and loses puck.
1:58 of 1st period - Jonathan Toews is hit by Alexander Radulov and loses puck.
2:19 of 1st period - Snap shot by Dylan Larkin.
2:19 of 1st period - Stopped by Andrei Vasilevskiy with a rebound.
2:35 of 1st period - Snap shot by Ondrej Kase.
2:35 of 1st period - Shot Hit the Post.
2:37 of 1st period - Wrist shot by Barclay Goodrow.
2:37 of 1st period - Shot Misses the Net.
2:39 of 1st period - Snap shot by Robert Hagg.
2:39 of 1st period - Shot Misses the Net.
3:32 of 1st period - Icing by Justin Braun.
3:33 of 1st period - Max Domi wins face-off versus Sidney Crosby in Sharks zone.
3:51 of 1st period - Slapshot by Dylan Larkin.
3:51 of 1st period - Stopped by Andrei Vasilevskiy without a rebound.
3:52 of 1st period - David Krejci wins face-off versus Jonathan Toews in Golden Seals zone.
4:03 of 1st period - Snap shot by Teuvo Teravainen.
4:03 of 1st period - Stopped by Andrei Vasilevskiy without a rebound.
4:04 of 1st period - Boone Jenner wins face-off versus Jonathan Toews in Golden Seals zone.
4:59 of 1st period - Wrist shot by William Karlsson.
4:59 of 1st period - Shot Blocked by K'Andre Miller.
5:01 of 1st period - Snap shot by Miles Wood.
5:01 of 1st period - Stopped by Semyon Varlamov without a rebound.
5:02 of 1st period - Boone Jenner wins face-off versus William Karlsson in Sharks zone.
5:48 of 1st period - Snap shot by Jonathan Huberdeau.
5:48 of 1st period - Stopped by Andrei Vasilevskiy with a rebound.
5:50 of 1st period - Slapshot by Jason Demers.
5:50 of 1st period - Shot Blocked by Kurtis MacDermid.
6:34 of 1st period - Wrist shot by Kasperi Kapanen.
6:34 of 1st period - Shot Misses the Net.
6:36 of 1st period - Slapshot by Alex Pietrangelo.
6:36 of 1st period - Shot Misses the Net.
6:38 of 1st period - Wrist shot by Boone Jenner.
6:38 of 1st period - Shot Misses the Net.
6:40 of 1st period - Slapshot by Alex Pietrangelo.
6:40 of 1st period - Shot Blocked by Cody Ceci.
7:21 of 1st period - Off-side.
7:22 of 1st period - Boone Jenner wins face-off versus William Karlsson in neutral zone.
7:35 of 1st period - Wrist shot by William Karlsson.
7:35 of 1st period - Shot Misses the Net.
7:47 of 1st period - K'Andre Miller is hit by Jake McCabe and loses puck.
7:58 of 1st period - Snap shot by Max Domi.
7:58 of 1st period - Shot Blocked by K'Andre Miller.
8:21 of 1st period - Wrist shot by Kasperi Kapanen.
8:21 of 1st period - Stopped by Andrei Vasilevskiy without a rebound.
8:22 of 1st period - Sidney Crosby wins face-off versus Jonathan Toews in Golden Seals zone.
8:29 of 1st period - Wrist shot by Jonathan Huberdeau.
8:29 of 1st period - Shot Misses the Net.
8:35 of 1st period - Wrist shot by Nick Suzuki.
8:35 of 1st period - Shot Blocked by Jason Demers.
8:37 of 1st period - Slapshot by Jonathan Toews.
8:37 of 1st period - Shot Misses the Net.
8:39 of 1st period - Snap shot by Tyler Toffoli.
8:39 of 1st period - Deflect By Jonathan Toews.
8:39 of 1st period - Shot Hit the Post.
8:39 of 1st period - Puck is out of play.
8:40 of 1st period - William Karlsson wins face-off versus David Krejci in Sharks zone.
8:41 of 1st period - Snap shot by Jaden Schwartz.
8:41 of 1st period - Stopped by Semyon Varlamov with a rebound.
8:43 of 1st period - Wrist shot by William Karlsson.
8:43 of 1st period - Stopped by Semyon Varlamov with a rebound.
8:45 of 1st period - Snap shot by Jaden Schwartz.
8:45 of 1st period - Stopped by Semyon Varlamov without a rebound.
8:46 of 1st period - William Karlsson wins face-off versus David Krejci in Sharks zone.
8:49 of 1st period - Wrist shot by Miles Wood.
8:49 of 1st period - Shot Misses the Net.
8:53 of 1st period - Wrist shot by Jaden Schwartz.
8:53 of 1st period - Shot Misses the Net.
8:57 of 1st period - Slapshot by Jaden Schwartz.
8:57 of 1st period - Deflect By William Karlsson.
8:57 of 1st period - Shot Blocked by Mark Borowiecki.
8:57 of 1st period - Puck is out of play.
8:58 of 1st period - Jonathan Toews wins face-off versus Sidney Crosby in Sharks zone.
9:01 of 1st period - Snap shot by Jonathan Toews.
9:01 of 1st period - Stopped by Semyon Varlamov without a rebound.
9:02 of 1st period - Jonathan Toews wins face-off versus Sidney Crosby in Sharks zone.
9:03 of 1st period - Snap shot by Tyler Toffoli.
9:03 of 1st period - Shot Misses the Net.
9:05 of 1st period - Slapshot by Cody Ceci.
9:05 of 1st period - Stopped by Semyon Varlamov without a rebound.
9:06 of 1st period - Sidney Crosby wins face-off versus Tyler Toffoli in Sharks zone.
9:21 of 1st period - Backhand shot by Sidney Crosby.
9:21 of 1st period - Stopped by Andrei Vasilevskiy without a rebound.
9:22 of 1st period - David Krejci wins face-off versus William Karlsson in Golden Seals zone.
9:25 of 1st period - Wrist shot by Teuvo Teravainen.
9:25 of 1st period - Stopped by Andrei Vasilevskiy with a rebound.
10:14 of 1st period - Snap shot by Justin Braun.
10:14 of 1st period - Stopped by Andrei Vasilevskiy without a rebound.
10:15 of 1st period - David Krejci wins face-off versus Jaden Schwartz in Golden Seals zone.
10:16 of 1st period - Wrist shot by Gabriel Landeskog.
10:16 of 1st period - Stopped by Andrei Vasilevskiy with a rebound.
10:40 of 1st period - Nick Suzuki is hit by Alex Pietrangelo and loses puck.
11:13 of 1st period - Slapshot by Barclay Goodrow.
11:13 of 1st period - Stopped by Semyon Varlamov without a rebound.
11:14 of 1st period - Jonathan Toews wins face-off versus Sidney Crosby in Sharks zone.
12:08 of 1st period - Slapshot by Michael Raffl.
12:08 of 1st period - Stopped by Andrei Vasilevskiy with a rebound.
12:22 of 1st period - Cody Ceci is hit by Jason Demers.
12:26 of 1st period - Cody Ceci is hit by Boone Jenner and loses puck.
13:31 of 1st period - Wrist shot by William Karlsson.
13:31 of 1st period - Stopped by Semyon Varlamov without a rebound.
13:32 of 1st period - William Karlsson wins face-off versus Sidney Crosby in Sharks zone.
13:39 of 1st period - Snap shot by Jaden Schwartz.
13:39 of 1st period - Shot Misses the Net.
13:57 of 1st period - Snap shot by Jonathan Toews.
13:57 of 1st period - Shot Misses the Net.
14:09 of 1st period - Snap shot by Jonathan Huberdeau.
14:09 of 1st period - Stopped by Andrei Vasilevskiy with a rebound.
15:17 of 1st period - Wrist shot by Tyler Toffoli.
15:17 of 1st period - Shot Blocked by Shea Theodore.
15:33 of 1st period - Tyler Toffoli is hit by Jonathan Huberdeau and loses puck.
16:10 of 1st period - Backhand shot by Jonathan Huberdeau.
16:10 of 1st period - Shot Misses the Net.
16:12 of 1st period - Wrist shot by Jonathan Huberdeau.
16:12 of 1st period - Stopped by Andrei Vasilevskiy without a rebound.
16:13 of 1st period - Teuvo Teravainen wins face-off versus Max Domi in Golden Seals zone.
16:26 of 1st period - Snap shot by Gabriel Landeskog.
16:26 of 1st period - Shot Misses the Net.
16:28 of 1st period - Snap shot by Jason Demers.
16:28 of 1st period - Stopped by Andrei Vasilevskiy with a rebound.
16:30 of 1st period - Slapshot by Jason Demers.
16:30 of 1st period - Deflect By David Krejci.
16:30 of 1st period - Shot Misses the Net.
16:30 of 1st period - Puck is out of play.
16:31 of 1st period - William Karlsson wins face-off versus Boone Jenner in Golden Seals zone.
16:40 of 1st period - Snap shot by Miles Wood.
16:40 of 1st period - Stopped by Semyon Varlamov without a rebound.
16:41 of 1st period - William Karlsson wins face-off versus Boone Jenner in Sharks zone.
17:02 of 1st period - Wrist shot by Jaden Schwartz.
17:02 of 1st period - Shot Misses the Net.
17:04 of 1st period - Slapshot by Jake McCabe.
17:04 of 1st period - Stopped by Semyon Varlamov with a rebound.
17:08 of 1st period - Snap shot by Miles Wood.
17:08 of 1st period - Deflect By William Karlsson.
17:08 of 1st period - Stopped by Semyon Varlamov with a rebound.
17:55 of 1st period - Backhand shot by William Karlsson.
17:55 of 1st period - Shot Misses the Net.
18:20 of 1st period - Snap shot by William Karlsson.
18:20 of 1st period - Stopped by Semyon Varlamov with a rebound.
18:22 of 1st period - Slapshot by Nate Schmidt.
18:22 of 1st period - Goal by Nate Schmidt - Golden Seals : 1 - Sharks : 0.
18:23 of 1st period - David Krejci wins face-off versus Robby Fabbri in neutral zone.
18:36 of 1st period - Minor Penalty to Gabriel Landeskog for Roughing.
18:37 of 1st period - Jonathan Toews wins face-off versus Carter Rowney in Sharks zone.
18:46 of 1st period - Snap shot by Jonathan Toews.
18:46 of 1st period - Goal by Jonathan Toews - Golden Seals : 2 - Sharks : 0.
18:47 of 1st period - Max Domi wins face-off versus David Krejci in neutral zone.
18:58 of 1st period - Snap shot by David Krejci.
18:58 of 1st period - Stopped by Andrei Vasilevskiy with a rebound.
19:25 of 1st period - Snap shot by Alex Pietrangelo.
19:25 of 1st period - Stopped by Andrei Vasilevskiy with a rebound.
19:37 of 1st period - Boone Jenner is hit by William Karlsson.
Goals for this period are 2 for Golden Seals vs 0 for Sharks.
Shots for this period are 17 for Golden Seals vs 15 for Sharks.

2nd period


0:01 of 2nd period - Max Domi wins face-off versus David Krejci in neutral zone.
0:04 of 2nd period - Alex Pietrangelo is hit by Robby Fabbri.
0:12 of 2nd period - Slapshot by Robby Fabbri.
0:12 of 2nd period - Shot Blocked by Gabriel Landeskog.
0:14 of 2nd period - Slapshot by Jake McCabe.
0:14 of 2nd period - Deflect By Max Domi.
0:14 of 2nd period - Stopped by Semyon Varlamov without a rebound.
0:15 of 2nd period - David Krejci wins face-off versus Jonathan Toews in Sharks zone.
0:28 of 2nd period - Slapshot by Gabriel Landeskog.
0:28 of 2nd period - Stopped by Andrei Vasilevskiy without a rebound.
0:29 of 2nd period - Max Domi wins face-off versus David Krejci in Golden Seals zone.
0:42 of 2nd period - Slapshot by David Krejci.
0:42 of 2nd period - Shot Blocked by Robby Fabbri.
0:44 of 2nd period - Snap shot by Teuvo Teravainen.
0:44 of 2nd period - Deflect By David Krejci.
0:44 of 2nd period - Shot Misses the Net.
0:44 of 2nd period - Puck is out of play.
0:45 of 2nd period - William Karlsson wins face-off versus Boone Jenner in Golden Seals zone.
0:49 of 2nd period - Off-side.
0:50 of 2nd period - Boone Jenner wins face-off versus William Karlsson in neutral zone.
0:55 of 2nd period - Snap shot by Alex Pietrangelo.
0:55 of 2nd period - Goal by Alex Pietrangelo - Golden Seals : 2 - Sharks : 1.
0:56 of 2nd period - David Krejci wins face-off versus Max Domi in neutral zone.
2:17 of 2nd period - Slapshot by K'Andre Miller.
2:17 of 2nd period - Shot Misses the Net.
2:29 of 2nd period - Jake McCabe is hit by K'Andre Miller.
3:34 of 2nd period - Off-side.
3:35 of 2nd period - David Krejci wins face-off versus Max Domi in neutral zone.
3:51 of 2nd period - Icing by Kurtis MacDermid.
3:52 of 2nd period - Sidney Crosby wins face-off versus Max Domi in Golden Seals zone.
3:59 of 2nd period - Snap shot by Jason Robertson.
3:59 of 2nd period - Deflect By Robby Fabbri.
3:59 of 2nd period - Stopped by Semyon Varlamov with a rebound.
4:01 of 2nd period - Wrist shot by Robert Hagg.
4:01 of 2nd period - Shot Misses the Net.
4:03 of 2nd period - Snap shot by Max Domi.
4:03 of 2nd period - Stopped by Semyon Varlamov with a rebound.
4:05 of 2nd period - Slapshot by Robert Hagg.
4:05 of 2nd period - Shot Blocked by Alex Pietrangelo.
4:07 of 2nd period - Wrist shot by Jason Robertson.
4:07 of 2nd period - Stopped by Semyon Varlamov with a rebound.
4:09 of 2nd period - Wrist shot by Kurtis MacDermid.
4:09 of 2nd period - Shot Blocked by Jason Demers.
4:11 of 2nd period - Wrist shot by Max Domi.
4:11 of 2nd period - Stopped by Semyon Varlamov with a rebound.
4:13 of 2nd period - Snap shot by Kurtis MacDermid.
4:13 of 2nd period - Stopped by Semyon Varlamov without a rebound.
4:14 of 2nd period - Jonathan Toews wins face-off versus David Krejci in Sharks zone.
4:52 of 2nd period - Wrist shot by Alexander Radulov.
4:52 of 2nd period - Stopped by Andrei Vasilevskiy without a rebound.
4:53 of 2nd period - Sidney Crosby wins face-off versus Max Domi in Golden Seals zone.
5:19 of 2nd period - Jason Demers is hit by Nick Suzuki and loses puck.
5:45 of 2nd period - Minor Penalty to Robert Hagg for Hooking.
5:46 of 2nd period - Gabriel Landeskog wins face-off versus Barclay Goodrow in Golden Seals zone.
6:32 of 2nd period - Nick Suzuki is hit by Gabriel Landeskog and loses puck.
7:22 of 2nd period - Icing by Dylan Larkin.
7:23 of 2nd period - Dylan Larkin wins face-off versus Nick Suzuki in Sharks zone.
7:38 of 2nd period - Cody Ceci is hit by K'Andre Miller and loses puck.
7:45 of 2nd period - Penalty to Robert Hagg is over, Robert Hagg is back on ice.
8:03 of 2nd period - Cody Ceci is hit by Michael Raffl and loses puck.
8:18 of 2nd period - Wrist shot by Robby Fabbri.
8:18 of 2nd period - Stopped by Semyon Varlamov without a rebound.
8:19 of 2nd period - Boone Jenner wins face-off versus Max Domi in Sharks zone.
8:35 of 2nd period - Snap shot by Robby Fabbri.
8:35 of 2nd period - Deflect By Jason Robertson.
8:35 of 2nd period - Shot Hit the Post.
8:35 of 2nd period - Puck is out of play.
8:36 of 2nd period - David Krejci wins face-off versus Jonathan Toews in Sharks zone.
9:46 of 2nd period - Icing by Nate Schmidt.
9:47 of 2nd period - Barclay Goodrow wins face-off versus Michael Raffl in Golden Seals zone.
9:55 of 2nd period - Minor Penalty to Jason Demers for Hooking.
9:56 of 2nd period - Jonathan Toews wins face-off versus Carter Rowney in Sharks zone.
10:12 of 2nd period - Slapshot by Miles Wood.
10:12 of 2nd period - Goal by Miles Wood - Golden Seals : 3 - Sharks : 1.
10:13 of 2nd period - David Krejci wins face-off versus Tyler Toffoli in neutral zone.
10:15 of 2nd period - Off-side.
10:16 of 2nd period - Jonathan Toews wins face-off versus David Krejci in neutral zone.
10:52 of 2nd period - Snap shot by Jonathan Huberdeau.
10:52 of 2nd period - Shot Misses the Net.
10:54 of 2nd period - Backhand shot by Alex Pietrangelo.
10:54 of 2nd period - Shot Misses the Net.
10:56 of 2nd period - Slapshot by Dylan Larkin.
10:56 of 2nd period - Stopped by Andrei Vasilevskiy with a rebound.
11:40 of 2nd period - Slapshot by Colton Sceviour.
11:40 of 2nd period - Deflect By Barclay Goodrow.
11:40 of 2nd period - Shot Blocked by Ondrej Kase.
11:40 of 2nd period - Puck is out of play.
11:41 of 2nd period - Jonathan Toews wins face-off versus David Krejci in Golden Seals zone.
12:15 of 2nd period - Snap shot by Jonathan Huberdeau.
12:15 of 2nd period - Stopped by Andrei Vasilevskiy without a rebound.
12:16 of 2nd period - Sidney Crosby wins face-off versus William Karlsson in Golden Seals zone.
12:27 of 2nd period - Snap shot by Sidney Crosby.
12:27 of 2nd period - Shot Misses the Net.
12:31 of 2nd period - Snap shot by Jonathan Huberdeau.
12:31 of 2nd period - Stopped by Andrei Vasilevskiy without a rebound.
12:32 of 2nd period - David Krejci wins face-off versus Jonathan Toews in Golden Seals zone.
12:59 of 2nd period - Sidney Crosby is hit by Jaden Schwartz and loses puck.
13:28 of 2nd period - Wrist shot by Alexander Radulov.
13:28 of 2nd period - Shot Misses the Net.
14:04 of 2nd period - Icing by Nick Suzuki.
14:05 of 2nd period - Tyler Toffoli wins face-off versus David Krejci in Golden Seals zone.
14:12 of 2nd period - Wrist shot by Teuvo Teravainen.
14:12 of 2nd period - Shot Blocked by Colton Parayko.
14:14 of 2nd period - Wrist shot by Teuvo Teravainen.
14:14 of 2nd period - Shot Misses the Net.
17:33 of 2nd period - Snap shot by Kasperi Kapanen.
17:33 of 2nd period - Shot Blocked by Kurtis MacDermid.
17:35 of 2nd period - Wrist shot by Kasperi Kapanen.
17:35 of 2nd period - Stopped by Andrei Vasilevskiy with a rebound.
17:37 of 2nd period - Wrist shot by Boone Jenner.
17:37 of 2nd period - Stopped by Andrei Vasilevskiy without a rebound.
17:38 of 2nd period - Sidney Crosby wins face-off versus William Karlsson in Golden Seals zone.
18:10 of 2nd period - Backhand shot by Alex Pietrangelo.
18:10 of 2nd period - Shot Misses the Net.
18:46 of 2nd period - Wrist shot by Barclay Goodrow.
18:46 of 2nd period - Shot Misses the Net.
18:48 of 2nd period - Slapshot by Nate Schmidt.
18:48 of 2nd period - Stopped by Semyon Varlamov without a rebound.
18:49 of 2nd period - Carter Rowney wins face-off versus Barclay Goodrow in Sharks zone.
19:18 of 2nd period - Justin Braun is hit by Jake McCabe.
19:32 of 2nd period - Jake McCabe is hit by Carter Rowney and loses puck.
19:49 of 2nd period - Snap shot by Barclay Goodrow.
19:49 of 2nd period - Stopped by Semyon Varlamov with a rebound.
Goals for this period are 1 for Golden Seals vs 1 for Sharks.
Shots for this period are 10 for Golden Seals vs 8 for Sharks.

3rd period


0:01 of 3rd period - Jonathan Toews wins face-off versus David Krejci in neutral zone.
0:28 of 3rd period - Snap shot by Max Domi.
0:28 of 3rd period - Stopped by Semyon Varlamov without a rebound.
0:29 of 3rd period - Max Domi wins face-off versus Sidney Crosby in Sharks zone.
0:30 of 3rd period - Slapshot by Robby Fabbri.
0:30 of 3rd period - Stopped by Semyon Varlamov with a rebound.
1:04 of 3rd period - Snap shot by Tyler Toffoli.
1:04 of 3rd period - Stopped by Semyon Varlamov with a rebound.
1:20 of 3rd period - Snap shot by Jaden Schwartz.
1:20 of 3rd period - Stopped by Semyon Varlamov with a rebound.
1:26 of 3rd period - Cody Ceci is hit by David Krejci and loses puck.
2:05 of 3rd period - Wrist shot by Max Domi.
2:05 of 3rd period - Shot Blocked by Dylan Larkin.
2:07 of 3rd period - Slapshot by Cody Ceci.
2:07 of 3rd period - Stopped by Semyon Varlamov with a rebound.
2:14 of 3rd period - Icing by Shea Theodore.
2:15 of 3rd period - Jonathan Toews wins face-off versus Dylan Larkin in Sharks zone.
2:16 of 3rd period - Wrist shot by Nick Suzuki.
2:16 of 3rd period - Stopped by Semyon Varlamov with a rebound.
2:36 of 3rd period - Wrist shot by Dylan Larkin.
2:36 of 3rd period - Stopped by Andrei Vasilevskiy without a rebound.
2:37 of 3rd period - Boone Jenner wins face-off versus William Karlsson in Golden Seals zone.
2:38 of 3rd period - Snap shot by Alexander Radulov.
2:38 of 3rd period - Shot Hit the Post.
2:44 of 3rd period - Jason Demers is hit by Jaden Schwartz and loses puck.
3:18 of 3rd period - Wrist shot by Alexander Radulov.
3:18 of 3rd period - Stopped by Andrei Vasilevskiy with a rebound.
4:02 of 3rd period - Colton Parayko is hit by Mark Borowiecki.
4:06 of 3rd period - Jonathan Toews is hit by Gabriel Landeskog and loses puck.
4:19 of 3rd period - Wrist shot by Tyler Toffoli.
4:19 of 3rd period - Stopped by Semyon Varlamov without a rebound.
4:20 of 3rd period - William Karlsson wins face-off versus Sidney Crosby in Sharks zone.
4:25 of 3rd period - Snap shot by Jaden Schwartz.
4:25 of 3rd period - Shot Misses the Net.
5:16 of 3rd period - K'Andre Miller is hit by Tyler Toffoli and loses puck.
5:49 of 3rd period - Slapshot by Dylan Larkin.
5:49 of 3rd period - Shot Misses the Net.
6:37 of 3rd period - Icing by Max Domi.
6:38 of 3rd period - Max Domi wins face-off versus Boone Jenner in Golden Seals zone.
6:54 of 3rd period - Off-side.
6:55 of 3rd period - Sidney Crosby wins face-off versus Jonathan Toews in neutral zone.
7:12 of 3rd period - Dylan Larkin is hit by Nick Suzuki and loses puck.
7:26 of 3rd period - Off-side.
7:27 of 3rd period - Boone Jenner wins face-off versus William Karlsson in neutral zone.
8:20 of 3rd period - Snap shot by Sidney Crosby.
8:20 of 3rd period - Deflect By Jonathan Huberdeau.
8:20 of 3rd period - Shot Misses the Net.
8:20 of 3rd period - Puck is out of play.
8:21 of 3rd period - Boone Jenner wins face-off versus Jonathan Toews in Golden Seals zone.
8:44 of 3rd period - Minor Penalty to Alex Pietrangelo for Roughing.
8:45 of 3rd period - Carter Rowney wins face-off versus Jonathan Toews in Sharks zone.
10:35 of 3rd period - Jaden Schwartz is hit by Gabriel Landeskog and loses puck.
10:44 of 3rd period - Penalty to Alex Pietrangelo is over, Alex Pietrangelo is back on ice.
11:02 of 3rd period - Barclay Goodrow is hit by Alex Pietrangelo and loses puck.
11:37 of 3rd period - Snap shot by Jonathan Huberdeau.
11:37 of 3rd period - Shot Misses the Net.
12:07 of 3rd period - Wrist shot by Gabriel Landeskog.
12:07 of 3rd period - Stopped by Andrei Vasilevskiy without a rebound.
12:08 of 3rd period - William Karlsson wins face-off versus Boone Jenner in Golden Seals zone.
12:33 of 3rd period - Nick Suzuki is hit by Michael Raffl and loses puck.
12:40 of 3rd period - Justin Braun is hit by Jonathan Toews and loses puck.
12:55 of 3rd period - Snap shot by Jason Robertson.
12:55 of 3rd period - Stopped by Semyon Varlamov with a rebound.
13:01 of 3rd period - Wrist shot by Jason Robertson.
13:01 of 3rd period - Stopped by Semyon Varlamov without a rebound.
13:02 of 3rd period - Michael Raffl wins face-off versus William Karlsson in Sharks zone.
13:02 of 3rd period - Michael Raffl is hit by Jaden Schwartz.
13:17 of 3rd period - Jake McCabe is hit by Michael Raffl.
13:50 of 3rd period - Snap shot by Max Domi.
13:50 of 3rd period - Stopped by Semyon Varlamov without a rebound.
13:51 of 3rd period - Max Domi wins face-off versus Dylan Larkin in Sharks zone.
14:24 of 3rd period - Robert Hagg is hit by Boone Jenner and loses puck.
14:38 of 3rd period - Off-side.
14:39 of 3rd period - David Krejci wins face-off versus William Karlsson in neutral zone.
15:10 of 3rd period - Wrist shot by Robby Fabbri.
15:10 of 3rd period - Stopped by Semyon Varlamov with a rebound.
15:12 of 3rd period - Slapshot by Colton Parayko.
15:12 of 3rd period - Deflect By Max Domi.
15:12 of 3rd period - Stopped by Semyon Varlamov without a rebound.
15:13 of 3rd period - Boone Jenner wins face-off versus Max Domi in Sharks zone.
15:28 of 3rd period - Wrist shot by Alexander Radulov.
15:28 of 3rd period - Shot Misses the Net.
15:38 of 3rd period - Jason Demers is hit by Jonathan Toews and loses puck.
15:50 of 3rd period - Wrist shot by Jonathan Toews.
15:50 of 3rd period - Stopped by Semyon Varlamov with a rebound.
15:52 of 3rd period - Slapshot by Colton Parayko.
15:52 of 3rd period - Shot Misses the Net.
16:52 of 3rd period - Snap shot by Carter Rowney.
16:52 of 3rd period - Shot Blocked by Jake McCabe.
16:54 of 3rd period - Slapshot by Carter Rowney.
16:54 of 3rd period - Stopped by Andrei Vasilevskiy without a rebound.
16:55 of 3rd period - Carter Rowney wins face-off versus Max Domi in Golden Seals zone.
16:56 of 3rd period - Slapshot by Shea Theodore.
16:56 of 3rd period - Deflect By Michael Raffl.
16:56 of 3rd period - Stopped by Andrei Vasilevskiy without a rebound.
16:57 of 3rd period - Max Domi wins face-off versus Carter Rowney in Golden Seals zone.
17:10 of 3rd period - Snap shot by Robby Fabbri.
17:10 of 3rd period - Shot Misses the Net.
17:12 of 3rd period - Slapshot by Jake McCabe.
17:12 of 3rd period - Stopped by Semyon Varlamov with a rebound.
17:22 of 3rd period - Boone Jenner is hit by Jake McCabe and loses puck.
17:27 of 3rd period - Wrist shot by Jonathan Toews.
17:27 of 3rd period - Shot Misses the Net.
17:43 of 3rd period - Snap shot by William Karlsson.
17:43 of 3rd period - Shot Blocked by Dylan Larkin.
17:51 of 3rd period - Icing by Dylan Larkin.
17:52 of 3rd period - Sidney Crosby wins face-off versus Max Domi in Sharks zone.
18:05 of 3rd period - Robby Fabbri is hit by Justin Braun and loses puck.
18:50 of 3rd period - Snap shot by Max Domi.
18:50 of 3rd period - Shot Blocked by K'Andre Miller.
18:52 of 3rd period - Slapshot by Cody Ceci.
18:52 of 3rd period - Deflect By Robby Fabbri.
18:52 of 3rd period - Stopped by Semyon Varlamov without a rebound.
18:53 of 3rd period - Boone Jenner wins face-off versus Jonathan Toews in Sharks zone.
19:45 of 3rd period - Snap shot by Jaden Schwartz.
19:45 of 3rd period - Shot Misses the Net.
Goals for this period are 0 for Golden Seals vs 0 for Sharks.
Shots for this period are 15 for Golden Seals vs 5 for Sharks. Output by the SimonT Hockey Simulator (STHS) for Eric Tremblay - Original Page W3C HTML5 Valid
Hockey Simulator - Hockey Simulation - Hockey Manager